 Dungeon Crawl Stone Soup version 0.21-a0-125-gb006224 (webtiles) character file.

15672 4thArraOfDagon the Geomancer (level 11, -4/74 HPs)
             Began as a Demigod Earth Elementalist on July 14, 2017.
             Slain by a shadow (26 damage)
             ... on level 14 of the Dungeon.
             The game lasted 00:39:58 (7138 turns).

4thArraOfDagon the Geomancer (DgEE)                 Turns: 7138, Time: 00:39:59

Health: -4/74      AC: 13    Str: 18    XL:     11   Next: 72%
Magic:  13/22      EV: 11    Int: 31    God:
Gold:   463        SH:  0    Dex: 16    Spells: 7/20 levels left

rFire    + . .     SeeInvis .   O - +6 quarterstaff of Shrieking Terror {pain, Str+7}
rCold    . . .     Gourm    .   (shield currently unavailable)
rNeg     . . .     Faith    .   M - +3 ring mail
rPois    +         Spirit   .   (no helmet)
rElec    .         Reflect  .   r - +1 cloak
rCorr    .         Harm     .   (no gloves)
MR       +....                  (no boots)
Stlth    +.........             (no amulet)
HPRegen  0.22/turn              D - ring of poison resistance
MPRegen  0.18/turn              F - +4 ring of intelligence

@: about to teleport
A: talons 1, yellow scales 1, clever 1, fire resistance 1, high mp 1, screaming
1, shaggy fur 1
a: no special abilities


You were on level 14 of the Dungeon.
You were not hungry.

You visited 1 branch of the dungeon, and saw 14 of its levels.

You collected 760 gold pieces.
You spent 297 gold pieces at shops.

Inventory:

Hand Weapons
 h - a +1 dagger of venom
 n - a +2 scimitar of flaming
 L - a +7 longbow
 O - the +6 quarterstaff of Shrieking Terror (weapon) {pain, Str+7}
   (You bought it in a shop on level 6 of the Dungeon)

   In the hands of one skilled in necromantic magic, it inflicts extra damage on
   living creatures.
   It affects your strength (+7).
 U - a +2 great mace of draining
Missiles
 a - 5 javelins
 b - 100 stones (quivered)
 l - 165 arrows
 v - 5 poisoned tomahawks
 K - 6 curare-tipped needles
Armour
 c - a +0 robe
 r - a +1 cloak (worn)
 y - a +0 ring mail
 M - a +3 ring mail (worn)
 Q - a +2 robe of resistance
 R - the +1 cloak of Emolan {Int-3 Dex+4 SInv}
   (You found it on level 7 of the Dungeon)

   It affects your intelligence (-3).
   It affects your dexterity (+4).
   It lets you see invisible.
 S - a +4 plate armour of cold resistance
Magical Staves
 V - an uncursed staff of summoning {!a}
Jewellery
 g - an uncursed ring of protection from magic
 t - an uncursed ring of ice
 B - an uncursed ring of ice
 D - a ring of poison resistance (left hand)
 F - a +4 ring of intelligence (right hand)
 T - a +2 ring of dexterity
Wands
 J - a wand of iceblast (15/15)
 N - a wand of random effects (22/48)
 W - a wand of confusion (18/48)
Scrolls
 f - 2 scrolls of fear
 i - a scroll of fog {unknown}
 m - a scroll of immolation {unknown}
 p - 2 scrolls of remove curse
 q - a scroll of teleportation
 x - 2 scrolls of recharging
 E - 4 scrolls of brand weapon {unknown}
Potions
 j - a potion of resistance
 k - 2 potions of ambrosia
 o - 2 potions of curing
 s - 3 potions of flight
 u - 3 potions of haste
 z - 3 potions of might
 C - 2 potions of degeneration {unknown}
 G - 2 potions of agility
 I - 3 potions of lignification
 P - a potion of brilliance {unknown}
 X - a potion of mutation
 Y - a potion of magic {unknown}
Books
 e - a book of Geomancy

   Spells                             Type                      Level
   a - Sandblast                      Earth                        1
   b - Passwall                       Transmutation/Earth          2
   c - Stone Arrow                    Conjuration/Earth            3
   d - Petrify                        Transmutation/Earth          4
   e - Lee's Rapid Deconstruction     Earth                        5
 w - a book of Necromancy

   Spells                             Type                      Level
   a - Pain                           Necromancy                   1
   b - Animate Skeleton               Necromancy                   1
   c - Vampiric Draining              Necromancy                   3
   d - Regeneration                   Charms/Necromancy            3
   e - Animate Dead                   Necromancy                   4
   f - Control Undead                 Necromancy                   4
 H - a book of Minor Magic

   Spells                             Type                      Level
   a - Magic Dart                     Conjuration                  1
   b - Blink                          Translocation                2
   c - Call Imp                       Summoning                    2
   d - Slow                           Hexes                        2
   e - Conjure Flame                  Conjuration/Fire             3
   f - Mephitic Cloud                 Conjuration/Poison/Air       3
Miscellaneous
 Z - a box of beasts
Comestibles
 d - 7 bread rations
 A - 8 royal jellies


   Skills:
 * Level 6.9 Bows
 - Level 1.7 Dodging
 - Level 1.7 Stealth
 - Level 5.1 Spellcasting
 - Level 4.3 Charms
 - Level 3.8 Necromancy
   Level 0.8 Transmutations
 - Level 14.2 Earth Magic


You had 7 spell levels left.
You knew the following spells:

 Your Spells              Type           Power        Failure   Level  Hunger
a - Sandblast             Erth           ######       1%          1    None
b - Lee's Rapid Deconstr  Erth           #######...   1%          5    #####..
c - Regeneration          Chrm/Necr      ####......   5%          3    None
d - Apportation           Tloc           #.....       10%         1    None
e - Animate Skeleton      Necr           N/A          1%          1    None
f - Blink                 Tloc           N/A          14%         2    None


Dungeon Overview and Level Annotations

Branches:
Dungeon (14/15)            Temple (0/1) D:5            Lair (0/6) D:10
    Orc (0/2) D:11
 Vaults: D:13-14

Shops:
D:6 (

Portals:
Trove: D:12 (give +4 shadow dragon scales)

Annotations:
D:7 Dowan, Duvessa
D:14 Rupert


Innate Abilities, Weirdness & Mutations

You have an increased reservoir of magic. (+10% MP)
You have sharp toenails.
You are partially covered in yellow scales. (AC +2)
Your mind is acute. (Int +2)
Your flesh is heat resistant. (rF+)
You occasionally shout uncontrollably at your foes.
You are covered in fur. (AC +1)


Message History

Unknown command.
As you read the scroll of teleportation, it crumbles to dust.
You feel strangely unstable.
Unknown command.
Unknown command.
Okay, then.
Unknown command.
Casting: Sandblast
Confirm with . or Enter, or press ? or * to list all spells.
Aiming: Lee's Rapid Deconstruction
Press: ? - help, Dir - move target cursor The wall shatters!
The blast of rock fragments hits the centaur warrior zombie.
The centaur warrior zombie is moderately damaged.
The blast of rock fragments hits the meliai.
The meliai is almost dead.
The blast of rock fragments hits the meliai.
You kill the meliai!
The shadow strikes at you from the darkness!
You die...

.# .# .# ##.
#.. #. #.# #.
#.# #. #@#
##?# #.#
.###...## #)#
....W...####Z#
........Y..Yy#
##.....##.###
##..####y# ##
'.. #'.#.


You could see a yak, a meliai and a centaur warrior zombie.

Vanquished Creatures
  A centaur warrior (D:14)
  A hydra (D:11)
  A death knight (D:14)
  Erica (D:9)
  A two-headed ogre (D:9)
  2 skeletal warriors (D:14)
  A manticore (D:11)
  Joseph (D:7)
  A gargoyle (D:12)
  A kobold demonologist (D:12)
  A meliai (D:14)
  Grinder (D:6)
  2 hippogriffs
  A wraith (D:13)
  A water elemental (D:13)
  4 yaks
  Eustachio (D:6)
  A steam dragon (D:12)
  Grum (D:9)
  2 hungry ghosts (D:9)
  A vampire mosquito (D:12)
  Menkaure (D:6)
  4 water moccasins
  3 orc warriors
  An eye of draining (D:10)
  2 ice beasts
  3 sky beasts
  2 necrophages
  A hornet zombie (D:9)
  3 ogres
  3 black bears
  3 wolves (D:9)
  A phantom (D:6)
  A crocodile (D:9)
  8 centaurs
  A big kobold (D:9)
  13 bullfrogs
  7 scorpions
  2 wyvern skeletons (D:11)
  6 wights
  12 killer bees
  4 howler monkeys
  3 crimson imps
  A bullfrog zombie (D:5)
  A centaur zombie (D:12)
  6 jellies
  2 quasits (D:9)
  5 orc priests
  8 hounds
  5 orc wizards
  A bullfrog skeleton (D:9)
  4 centaur skeletons
  3 iguanas
  Natasha (D:2)
  6 worker ants
  A hound zombie (D:6)
  A howler monkey zombie (D:11)
  2 worker ant zombies
  3 gnolls
  10 adders
  A worker ant simulacrum (D:7)
  6 oozes
  3 adder zombies (D:7)
  3 worms
  2 dart slugs (D:5)
  5 leopard geckos
  17 orcs
  A ball python (D:3)
  3 giant cockroaches
  9 goblins
  4 hobgoblins
  9 jackals
  4 quokkas
  2 bats (D:3)
  2 frilled lizards (D:4)
  3 kobolds
  2 quokka skeletons (D:9)
  4 rats
251 creatures vanquished.

Vanquished Creatures (collateral kills)
  A skeletal warrior (D:12)
1 creature vanquished.

Grand Total: 252 creatures vanquished

Notes
Turn   | Place    | Note
-------+----------+-------------------------------------------
     0 | D:1      | 4thArraOfDagon the Demigod Earth Elementalist began the quest for the Orb.
     0 | D:1      | Reached XP level 1. HP: 14/14 MP: 5/5
   110 | D:2      | Reached skill level 3 in Earth Magic
   182 | D:2      | Reached XP level 2. HP: 16/20 MP: 4/7
   287 | D:2      | Noticed Natasha
   302 | D:2      | Killed Natasha
   302 | D:2      | Reached XP level 3. HP: 26/26 MP: 5/9
   573 | D:3      | Reached skill level 4 in Earth Magic
   573 | D:3      | Reached XP level 4. HP: 19/33 MP: 7/10
   607 | D:3      | Found an iron altar of Okawaru.
   703 | D:3      | Found a blossoming altar of Fedhas.
   710 | D:3      | Found a glowing silver altar of Zin.
   976 | D:4      | Reached XP level 5. HP: 38/38 MP: 8/12
   983 | D:4      | Learned a level 5 spell: Lee's Rapid Deconstruction
  1010 | D:4      | Found an ancient bone altar of Kikubaaqudgha.
  1012 | D:4      | Found an opulent altar of Gozag.
  1014 | D:4      | Found a hide-covered altar of Uskayaw.
  1014 | D:4      | Found a shattered altar of Ashenzari.
  1014 | D:4      | Found a sparkling altar of Nemelex Xobeh.
  1016 | D:4      | Found an ornate altar of the Wu Jian Council.
  1017 | D:4      | Found a radiant altar of Vehumet.
  1152 | D:4      | Reached skill level 5 in Earth Magic
  1199 | D:5      | Entered Level 5 of the Dungeon
  1302 | D:5      | Found a staircase to the Ecumenical Temple.
  1629 | D:6      | Noticed a phantom
  1646 | D:6      | Killed a phantom
  1646 | D:6      | Reached skill level 6 in Earth Magic
  1646 | D:6      | Reached XP level 6. HP: 39/45 MP: 4/13
  1651 | D:6      | Noticed a water moccasin
  1714 | D:6      | Killed a water moccasin
  1747 | D:6      | Noticed Grinder
  1762 | D:6      | Killed Grinder
  1762 | D:6      | Reached skill level 7 in Earth Magic
  1762 | D:6      | Reached XP level 7. HP: 41/50 MP: 8/14
  1768 | D:6      | Found a white marble altar of Elyvilon.
  1809 | D:6      | Noticed Menkaure
  1811 | D:6      | Killed Menkaure
  1843 | D:6      | Reached skill level 8 in Earth Magic
  1872 | D:6      | Found Cimeet's Antique Weapon Shop.
  2128 | D:6      | Noticed Eustachio
  2224 | D:6      | Killed Eustachio
  2224 | D:6      | Reached skill level 9 in Earth Magic
  2224 | D:6      | Reached XP level 8. HP: 38/57 MP: 13/15
  2526 | D:7      | Reached skill level 10 in Earth Magic
  2587 | D:7      | Noticed Duvessa
  2928 | D:8      | Found a stormy altar of Qazlal.
  3073 | D:7      | Noticed Joseph
  3081 | D:7      | Killed Joseph
  3081 | D:7      | Reached skill level 11 in Earth Magic
  3081 | D:7      | Reached XP level 9. HP: 49/62 MP: 1/18
  3200 | D:8      | Found a snail-covered altar of Cheibriados.
  3584 | D:6      | Bought an encrusted quarterstaff for 297 gold pieces
  3584 | D:6      | Identified the +6 quarterstaff of Shrieking Terror {pain, Str+7} (You bought it in a shop on level 6 of the Dungeon)
  3585 | D:6      | :/
  3625 | D:7      | Noticed Dowan
  3625 | D:7      | Learned a level 3 spell: Regeneration
  3726 | D:7      | Reached skill level 1 in Charms
  3806 | D:7      | Reached skill level 1 in Necromancy
  3912 | D:7      | Gained mutation: You occasionally shout uncontrollably at your foes. [mutagenic meat]
  3913 | D:7      | Gained mutation: You are partially covered in yellow scales. (AC +2) [mutagenic meat]
  3914 | D:7      | Gained mutation: You are covered in fur. (AC +1) [mutagenic meat]
  3915 | D:7      | Gained mutation: Your flesh is heat resistant. (rF+) [mutagenic meat]
  3916 | D:7      | Gained mutation: You have sharp toenails. [mutagenic meat]
  3917 | D:7      | Gained mutation: Your mind is acute. (Int +2) [mutagenic meat]
  4006 | D:7      | Got a spiked cloak
  4243 | D:7      | Identified the +1 cloak of Emolan {Int-3 Dex+4 SInv} (You found it on level 7 of the Dungeon)
  4408 | D:9      | Noticed a two-headed ogre
  4413 | D:9      | Killed a two-headed ogre
  4413 | D:9      | Reached XP level 10. HP: 69/69 MP: 7/21
  4438 | D:9      | Reached skill level 5 in Spellcasting
  4506 | D:9      | Noticed Erica
  4511 | D:9      | Killed Erica
  4511 | D:9      | Reached skill level 12 in Earth Magic
  4768 | D:10     | Entered Level 10 of the Dungeon
  4905 | D:9      | Noticed Grum
  4924 | D:9      | Killed Grum
  5043 | D:10     | Noticed a two-headed ogre
  5148 | D:9      | Noticed a centaur warrior
  5338 | D:10     | Reached skill level 13 in Earth Magic
  5441 | D:11     | Noticed a manticore
  5444 | D:11     | Killed a manticore
  5545 | D:11     | Ladykiller69: oh boy a dg
  5557 | D:11     | Noticed a six-headed hydra
  5563 | D:11     | Killed a six-headed hydra
  5589 | D:11     | Reached XP level 11. HP: 70/74 MP: 3/22
  5743 | D:11     | Learned a level 1 spell: Apportation
  5770 | D:11     | Learned a level 1 spell: Animate Skeleton
  5848 | D:12     | Identified a scroll of acquirement
  5848 | D:12     | 4thArraOfDagon: o
  5848 | D:12     | Ladykiller69: how about a nice hat
  5885 | D:12     | Noticed a skeletal warrior
  5893 | D:12     | Reached skill level 14 in Earth Magic
  5901 | D:12     | Killed a skeletal warrior
  6164 | D:10     | 4thArraOfDagon: hmmm
  6334 | D:11     | Found a staircase to the Orcish Mines.
  6497 | D:12     | Reached skill level 1 in Bows
  6661 | D:12     | Found a portal to a secret trove of treasure.
  6777 | D:14     | Noticed a death knight
  6778 | D:14     | Noticed a skeletal warrior
  6781 | D:14     | Noticed a skeletal warrior
  6783 | D:14     | Killed a skeletal warrior
  6796 | D:14     | Killed a skeletal warrior
  6796 | D:14     | Reached skill level 5 in Bows
  6796 | D:14     | Killed a death knight
  7085 | D:14     | Learned a level 2 spell: Blink
  7105 | D:14     | Noticed a centaur warrior
  7117 | D:14     | Killed a centaur warrior
  7121 | D:14     | Noticed Rupert
  7122 | D:14     | 4thArraOfDagon: uhhh
  7123 | D:14     | Ladykiller69: OH BOY
  7138 | D:14     | Slain by a shadow

Vault maps used:
D:1:      enne_arrival_octagon_isle
D:2:      uniq_natasha
D:3:      okawaru_altar_gauntlet_db, grunt_temple_overflow_open, serial_curves,
          eino_curves_01, eino_curves_03, first_bread, kennysheep_flooded_box,
          nemelex_dance_club_becter
D:4:      minitemple, uniq_pikel
D:5:      minmay_temple_entry_junction_2
D:6:      basic_altar, kennysheep_small_square, uniq_grinder, uniq_menkaure,
          uniq_eustachio
D:7:      minmay_the_grid_octo_2x2, uniq_joseph, uniq_duvessa
D:8:      cheibrodos_worm_habitat, hangedman_little_slice_of_home,
          grunt_ministairs_14, nicolae_qazlal_eye_of_the_storm
D:9:      minmay_misc_feat_alley, evilmike_minifort, uniq_erica, uniq_grum
D:10:     erik_lair_dragon, minivault_11, small_statue_intersection
D:11:     orc_0_dummy
D:12:     enter_trove_6, serial_column_ruins, column_ruins_hut,
          column_ruins_hut, column_ruins_open_tiny, column_ruins_columns_corner,
          column_ruins_grid_2, column_ruins_grid_4
D:13:     serial_co_window_serial, co_window_corner_a, co_window_paths_a,
          co_window_of_opportunity_a, co_window_corner_a,
          co_window_of_opportunity_a, co_window_paths_c, co_window_corner_cb,
          co_window_paths_c, co_window_unsneaky_path_a, glass_columns_a,
          glass_columns_a, glass_columns_b, glass_columns_c, lightli_minifort
D:14:     lightli_vaults_fourway_checkpoint, basic_altar,
          hangedman_decor_clover_reticule, eino_jars, uniq_rupert, uniq_kirke

Skill      XL: |  1  2  3  4  5  6  7  8  9 10 11 |
---------------+----------------------------------+-----
Earth Magic    | 3 4 6 7 9 11 13 14 | 14.2
Spellcasting   | 2 3 4 5 |  5.1
Charms         | 3 4 |  4.3
Necromancy     | 3 |  3.8
Bows           | 6 |  6.9
Dodging        | |  1.7
Stealth        | |  1.7
Transmutations | |  0.8

Action                   |  1- 3 |  4- 6 |  7- 9 | 10-12 || total
-------------------------+-------+-------+-------+-------++-------
Melee: Dagger            |    40 |    66 |   145 |       ||   251
       Spear             |     4 |       |       |       ||     4
       Quarterstaff      |       |       |    97 |   156 ||   253
       Kick              |       |       |     3 |    54 ||    57
 Cast: Sandblast         |    22 |    42 |    66 |    75 ||   205
       Lee's Rapid Decon |       |       |    12 |    26 ||    38
       Regeneration      |       |       |     1 |     2 ||     3
       Animate Skeleton  |       |       |       |     1 ||     1
Evoke: Wand              |       |       |     1 |     2 ||     3
       Box of beasts     |       |       |       |     1 ||     1
  Use: Scroll            |       |       |     1 |    17 ||    18
       Potion            |       |       |       |     3 ||     3
 Stab: Sleeping          |     2 |     2 |       |       ||     4
       Distracted        |       |       |     1 |       ||     1
       Confused          |       |       |       |     2 ||     2
  Eat: Chunk             |       |     2 |    18 |       ||    20
       Fruit             |       |       |       |     8 ||     8
       Royal jelly       |       |       |       |     4 ||     4
       Meat ration       |       |       |       |     1 ||     1
Armor: Robe              |     6 |     8 |       |       ||    14
       Ring mail         |       |     8 |   116 |   101 ||   225
       Skin              |       |       |       |     2 ||     2
Dodge: Dodged            |    25 |    44 |   155 |   136 ||   360
